 Dungeon Crawl Stone Soup version 0.28-a0-2-g643f2454ad (webtiles) character file.

Game seed: 7544147830094298781

11097 Blejac999 the Thaumaturge (level 12, 0/114 HPs)
             Began as a Djinni Conjurer on July 22, 2021.
             Was an Elder of Makhleb.
             Slain by a komodo dragon (13 damage)
             ... on level 2 of the Lair of Beasts.
             The game lasted 00:36:33 (14115 turns).

Blejac999 the Thaumaturge (Djinni Conjurer)        Turns: 14115, Time: 00:36:33

Health: 0/114      AC: 30    Str:  6    XL:     12   Next: 3%
Gold:   593        EV:  2    Int: 30    God:    Makhleb [****..] SH:  5 Dex: 13

rFire   . . .      SeeInvis .   c - +1 rapier of Dakluthrehap {spect, +Blink}
rCold   . . .      Faith    .   (no shield)
rNeg    + + +      Spirit   .   (armour currently unavailable)
rPois   ∞          Reflect  +   (helmet currently unavailable)
rElec   .          Harm     .   (cloak currently unavailable)
rCorr   .          Rampage  .   (gloves currently unavailable)
Will    +....      NoTele   +   (boots unavailable)
Stlth   +++.......              e - amulet of reflection
HPRegen 0.29/turn               v - +6 ring of intelligence
MPRegen 0.00/turn               g - +4 ring of protection

@: brilliant, tree-form, studying Unarmed Combat
A: stationary, stasis, torment immunity, boosted hp, sickness immunity, (fire
resistance 2), (cold vulnerability 1), float, innate caster, hp casting, extra
vitality 1, (deformed body)
a: Renounce Religion, Evoke Blink, Minor Destruction, Lesser Servant of Makhleb,
Major Destruction


You were on level 2 of the Lair of Beasts.
You worshipped Makhleb.
Makhleb was greatly pleased with you.
You were a tree.
You visited 3 branches of the dungeon, and saw 13 of its levels.
You also visited: Ossuary.

You collected 593 gold pieces.

Inventory:

Hand Weapons
 c - the +1 rapier of Dakluthrehap (weapon) {spect, +Blink}
   (You found it on level 10 of the Dungeon)

   When its wielder attacks, the weapon's spirit leaps out and strikes again.
   The spirit shares a part of any damage it takes with its wielder.
   +Blink:    It lets you blink.
 y - a +7 spear of venom
Missiles
 j - 2 throwing nets
 r - a curare-tipped dart
Armour
 a - a +0 robe (melded)
 s - a +2 helmet (melded)
Jewellery
 e - an amulet of reflection (around neck)
 f - a +6 ring of dexterity
 g - a +4 ring of protection (right branch)
 h - a ring of protection from fire
 v - a +6 ring of intelligence (left branch)
Wands
 u - a wand of polymorph (3)
 z - a wand of flame (20)
 A - a wand of mindburst (12)
Scrolls
 d - 13 scrolls of identify
 i - 2 scrolls of summoning
 k - a scroll of brand weapon
 l - 2 scrolls of silence
 n - a scroll of magic mapping
 p - a scroll of teleportation
 t - a scroll of fog
 x - a scroll of enchant weapon
Potions
 b - 2 potions of brilliance
 m - a potion of might
 o - 3 potions of curing
 q - a potion of invisibility
 B - a potion of haste


   Skills:
 + Level 3.1 Fighting
 + Level 2.3(2.6) Polearms
 + Level 2.0(2.6) Staves
 + Level 6.1 Dodging
 + Level 4.4 Stealth
 + Level 3.9 Shields
 * Level 5.9 Unarmed Combat
 + Level 11.7 Spellcasting
 + Level 1.0 Invocations


You had 6 spell levels left.
You knew the following spells:

 Your Spells              Type           Power      Damage    Failure   Level
a - Magic Dart            Conj           100%       1d8       1%          1
b - Searing Ray           Conj           100%       3d7       1%          2
c - Dazzling Flash        Conj/Hex       100%       N/A       1%          3
d - Fulminant Prism       Conj/Hex       46%        3d21      1%          4
e - Iskenderun's Mystic   Conj/Tloc      93%        2d18      1%          4
f - Foxfire               Conj/Fire      100%       2x1d9     1%          1
g - Passwall              Tmut/Erth      77%        N/A       1%          2
h - Conjure Flame         Conj/Fire      93%        6-21      1%          3
i - Animate Armour        Summ/Erth      100%       N/A       1%          4
j - Dispel Undead         Necr           93%        3d29      1%          4
Your spell library was empty.

Dungeon Overview and Level Annotations

Branches:
Dungeon (10/15)            Temple (1/1) D:5            Lair (2/6) D:8
Ossuary (visited)
  Swamp: Lair:2-4    Shoals: Lair:2-4     Snake: Lair:2-4    Spider: Lair:2-4
    Orc: D:9-12

Altars:
Ashenzari
Cheibriados
Dithmenos
Elyvilon
Fedhas
Gozag
Hepliaklqana
Kikubaaqudgha
Makhleb
Nemelex Xobeh
Okawaru
Ru
Sif Muna
Trog
Uskayaw
Vehumet
Wu Jian
Xom
Yredelemnul
Zin
The Shining One

Annotations:
Lair:2 exclusion: 2 oklob plants


Innate Abilities, Weirdness & Mutations

You are a tree.
Your roots penetrate the ground, keeping you stationary.
You cannot be teleported.
You are immune to unholy pain and torment.
Your maximum health is greatly increased.
Your equipment is partially melded.
You are immune to sickness and miasma.
You are immune to poison.
((Your flesh is very heat resistant. (rF++)))
((You are vulnerable to cold. (rC-)))
You float through the air rather than walking.
You learn spells naturally, not from books.
Your magical power is your life essence.
You have superior vitality. (+4 HP)
((Armour fits poorly on your strangely shaped body.))


Message History

You feel better. The komodo dragon bites you!
* * * LOW HITPOINT WARNING * * *
Really quaff the potion of lignification?
You turn into a tree.
Your +2 helmet melds into your body.
Your +0 robe melds into your body.
Your roots penetrate the ground.
The komodo dragon bites you but does no damage.
Unknown command.
You feel clever all of a sudden. The komodo dragon barely misses you.
Okay, then.
Casting: Searing Ray (safe; 1% risk of failure)
Confirm with . or Enter, or press ? or * to list all spells.
Aiming: Searing Ray (safe; 1% risk of failure)
Press: ? - help, Shift-Dir - straight line, f - komodo dragon
Aim: a komodo dragon (87% to hit)
You feel a surge of power!
The searing ray hits the komodo dragon.
The komodo dragon is lightly wounded. (Press . to maintain the ray.)
* * * LOW HITPOINT WARNING * * *
The komodo dragon bites you but does no damage.
The searing ray hits the komodo dragon!
The komodo dragon is moderately wounded.
* * * LOW HITPOINT WARNING * * *
The komodo dragon bites you!
* * * LOW HITPOINT WARNING * * *
Unknown command.
The searing ray hits the komodo dragon.
The komodo dragon is moderately wounded.
* * * LOW HITPOINT WARNING * * *
The komodo dragon bites you but does no damage.
Unknown command.
The searing ray hits the komodo dragon!
The komodo dragon is heavily wounded.
* * * LOW HITPOINT WARNING * * *
You finish channeling your searing ray.
You block the komodo dragon's attack.
Unknown command.
You feel better. The komodo dragon bites you!!
* * * LOW HITPOINT WARNING * * *
You feel better. The komodo dragon bites you!
You die...

#..... ## #....##.
##...... #......#
......# #.....##.#
#.†.......
#.♣.......
#...l......
............. ...
............... ..
...............
..P...##.........
##.######......##.
#......##.......
#.......#


You could see a komodo dragon.

Vanquished Creatures
  2 oklob plants (Lair:1)
  A cyclops (D:8)
  3 centaur zombies
  A black mamba (Lair:1)
  Joseph (D:7)
  2 cane toads (Lair:1)
  An unseen horror (D:10)
  3 komodo dragons
  A rime drake (Lair:1)
  A polar bear (Lair:1)
  A hornet (D:6)
  A blink frog (Lair:2)
  Sigmund (D:3)
  2 shadows (D:10)
  A wyvern (D:5)
  7 yaks
  2 steam dragons
  8 water moccasins
  An ice beast (D:5)
  An orc warrior (D:7)
  A necrophage (D:7)
  5 centaurs
  A phantom (D:10)
  5 kobold brigands
  2 gnoll sergeants (D:7)
  A scorpion (D:6)
  7 bullfrogs
  4 water moccasin zombies
  A wyvern skeleton (D:6)
  2 troll zombies (D:10)
  2 howler monkeys
  A bullfrog zombie (D:7)
  3 hounds
  3 bullfrog skeletons
  A centaur skeleton (D:7)
  3 iguanas
  Crazy Yiuf (D:3)
  Natasha (thrice) (D:3)
  4 orc wizards (D:7)
  2 killer bee zombies
  An ogre zombie (D:10)
  2 mummies (Ossuary)
  A howler monkey zombie (D:7)
  16 gnolls
  7 adders
  2 shadow imps (D:7)
  2 white imps (D:7)
  2 adder zombies (Ossuary)
  An adder skeleton (D:4)
  A worm (D:3)
  3 dart slugs
  8 orcs
  8 ball pythons
  7 endoplasms
  5 giant cockroaches
  32 goblins
  27 hobgoblins
  5 jackals
  31 kobolds
  2 quokkas (D:1)
  A frilled lizard (D:2)
  2 gnoll zombies (Ossuary)
  3 goblin zombies (D:10)
  6 hobgoblin zombies
  2 kobold zombies (Ossuary)
  2 orc skeletons (D:10)
  8 orc zombies
  3 rats
  2 fulminant prisms (Lair:1)
285 creatures vanquished.

Vanquished Creatures (collateral kills)
  A jackal (D:3)
1 creature vanquished.

Vanquished Creatures (others)
  A kobold (D:7)
  8 foxfires
  49 fulminant prisms
  2 fungi (Lair:1)
  40 plants
100 creatures vanquished.

Grand Total: 386 creatures vanquished

Notes
Turn   | Place    | Note
-------+----------+-------------------------------------------
     0 | D:1      | Blejac999 the Djinni Conjurer began the quest for the Orb.
     0 | D:1      | Reached XP level 1. HP: 15/15 MP: 0/0
   320 | D:1      | Reached XP level 2. HP: 19/21 MP: 0/0
   475 | D:1      | Gained mutation: Armour fits poorly on your strangely
                  | shaped body. [potion of mutation]
   982 | D:2      | Reached XP level 3. HP: 14/25 MP: 0/0
   982 | D:2      | Learned a level 1 spell: Foxfire
  1282 | D:2      | Found a faded altar of an unknown god.
  1369 | D:2      | Reached skill level 4 in Spellcasting
  2137 | D:3      | Noticed Natasha
  2141 | D:3      | Killed Natasha
  2142 | D:3      | Reached XP level 4. HP: 24/31 MP: 0/0
  2213 | D:3      | Noticed Natasha
  2248 | D:3      | Killed Natasha
  2604 | D:3      | Found a runed translucent door.
  2605 | D:3      | Noticed Crazy Yiuf
  2682 | D:3      | Reached XP level 5. HP: 32/35 MP: 0/0
  2682 | D:3      | Learned a level 2 spell: Passwall
  2834 | D:3      | Noticed Sigmund
  3281 | D:4      | Found a sand-covered staircase.
  3286 | Ossuary  | Entered an ossuary
  3304 | Ossuary  | Reached skill level 5 in Spellcasting
  3449 | Ossuary  | Reached XP level 6. HP: 33/40 MP: 0/0
  4332 | D:5      | Entered Level 5 of the Dungeon
  4333 | D:5      | Noticed an ice beast
  4338 | D:5      | Killed an ice beast
  4339 | D:5      | Reached XP level 7. HP: 39/46 MP: 0/0
  4339 | D:5      | Learned a level 3 spell: Conjure Flame
  4630 | D:5      | Reached skill level 6 in Spellcasting
  4747 | D:5      | Noticed a wyvern
  4756 | D:5      | Killed a wyvern
  4804 | D:5      | Reached skill level 1 in Unarmed Combat
  4980 | D:5      | Reached skill level 1 in Fighting
  5068 | D:5      | Reached XP level 8. HP: 43/52 MP: 0/0
  5335 | D:5      | Found a staircase to the Ecumenical Temple.
  5341 | Temple   | Entered the Ecumenical Temple
  5455 | Temple   | Became a worshipper of Makhleb the Destroyer
  6668 | D:6      | Reached skill level 7 in Spellcasting
  6914 | D:6      | Noticed a hornet
  6919 | D:6      | Reached skill level 1 in Shields
  6919 | D:6      | Killed a hornet
  6983 | D:6      | Reached XP level 9. HP: 51/58 MP: 0/0
  6983 | D:6      | Learned a level 4 spell: Animate Armour
  7287 | D:7      | Reached skill level 8 in Spellcasting
  7843 | D:3      | Noticed Natasha
  7846 | D:3      | Killed Natasha
  8002 | D:3      | Reached * piety under Makhleb
  8444 | D:3      | Reached ** piety under Makhleb
  8850 | D:3      | Killed Sigmund
  8984 | D:3      | Killed Crazy Yiuf
  9337 | D:7      | Reached skill level 9 in Spellcasting
  9683 | D:7      | Reached *** piety under Makhleb
  9800 | D:7      | Reached XP level 10. HP: 54/64 MP: 0/0
  9946 | D:7      | Noticed Joseph
  9965 | D:7      | Killed Joseph
 10217 | D:7      | You are sucked into a shaft and drop 3 floors!
 10217 | D:10     | Entered Level 10 of the Dungeon
 10273 | D:10     | Killed an unseen horror
 10274 | D:10     | Reached skill level 1 in Staves
 10274 | D:10     | Reached skill level 10 in Spellcasting
 10469 | D:10     | Reached skill level 1 in Polearms
 10830 | D:10     | Identified the +1 rapier of Dakluthrehap {spect, +Blink}
 10858 | D:10     | Reached **** piety under Makhleb
 11025 | D:9      | Noticed a seven-headed hydra
 11194 | D:8      | Noticed a cyclops
 11202 | D:8      | Killed a cyclops
 11203 | D:8      | Reached XP level 11. HP: 65/69 MP: 0/0
 11203 | D:8      | Learned a level 4 spell: Dispel Undead
 11758 | D:8      | Identified a scroll of acquirement
 11758 | D:8      | Acquired a manual of Unarmed Combat
 11768 | D:8      | Found a staircase to the Lair.
 11862 | D:8      | Reached skill level 1 in Invocations
 11874 | D:8      | Reached skill level 5 in Dodging
 11963 | D:8      | Reached skill level 11 in Spellcasting
 11989 | Lair:1   | Entered Level 1 of the Lair of Beasts
 13022 | Lair:1   | Reached skill level 5 in Unarmed Combat
 13282 | Lair:1   | Noticed an oklob plant
 13387 | Lair:1   | Noticed an oklob plant
 13584 | Lair:1   | Killed an oklob plant
 13841 | Lair:1   | Killed an oklob plant
 13888 | Lair:2   | Noticed an oklob plant
 13888 | Lair:2   | Noticed an oklob plant
 13908 | Lair:1   | Reached XP level 12. HP: 34/76 MP: 0/0
 14114 | Lair:2   | HP: 5/114 [komodo dragon (22)]
 14115 | Lair:2   | Slain by a komodo dragon

Illustrated notes

Levels and vault maps discovered:
D:1:      dpeg_arrival_renting, layout_basic, minmay_tetromino_t4
D:2:      layout_loops_ring, hellmonk_ecumenical_altar_prayer_group,
          minmay_misc_feat_nine_boxes, minmay_fractal_squares_gapless_5
D:3:      minmay_goblin_kobold_castle, layout_loops_ring, uniq_natasha,
          uniq_sigmund, uniq_crazy_yiuf_cottage
D:4:      layout_gridville, nicolae_ossuary_entry_false_entrances,
          minmay_misc_feat_tiny
D:5:      layout_basic, minmay_temple_entry_fiery, serial_bayou_lagoon_a
D:6:      layout_loops_ring
D:7:      minmay_recursive_quarters, layout_basic, kennysheep_windowed_goal,
          uniq_joseph
D:8:      layout_basic, david_lair_shrubbed, serial_curves, eino_curves_01,
          eino_curves_03, grunt_decor_resistance
D:9:      layout_long_grid, nicolae_qazlal_eye_of_the_storm
D:10:     layout_irregular_city, zombieorc2_lemuel, uniq_urug
Temple:   kilobyte_greek_temple
Lair:1:   dpeg_oklob_gauntlet, layout_hall_layers, cheibrodos_lair_reptile_den,
          lemuel_fruit_fields
Lair:2:   layout_regular_city, swamp_mist_pool, minmay_lair_oklob_chamber

Skill      XL: |  1  2  3  4  5  6  7  8  9 10 11 |
---------------+----------------------------------+-----
Spellcasting   | 4 5 6 7 9 10 11 | 11.7
Stealth        | 2 3 4 |  4.4
Unarmed Combat | 1 2 5 |  5.9
Fighting       | 1 2 3 |  3.1
Dodging        | 3 4 6 |  6.1
Shields        | 1 2 3 |  3.9
Staves         | 1 2 |  2.0
Polearms       | 1 2 |  2.3
Invocations    | 1 |  1.0

Action                   |  1- 3 |  4- 6 |  7- 9 | 10-12 || total
-------------------------+-------+-------+-------+-------++-------
Melee: Unarmed           |       |     9 |     2 |       ||    11
       Quarterstaff      |       |       |     4 |       ||     4
       Spear             |       |       |       |    12 ||    12
       Rapier            |       |       |       |     1 ||     1
 Cast: Magic Dart        |    56 |    38 |   226 |   115 ||   435
       Searing Ray       |     1 |    13 |    34 |    40 ||    88
       Conjure Flame     |       |       |     1 |     1 ||     2
       Fulminant Prism   |       |       |    13 |    38 ||    51
       Foxfire           |       |       |     4 |       ||     4
       Iskenderun's Myst |       |       |     1 |       ||     1
       Passwall          |       |       |       |     1 ||     1
       Animate Armour    |       |       |       |     1 ||     1
Invok: Minor Destruction |       |       |       |     1 ||     1
  Use: Potion            |     3 |     6 |     3 |    12 ||    24
       Scroll            |     5 |     7 |       |     3 ||    15
Armor: Robe              |     1 |     7 |     6 |    27 ||    41
       Skin              |       |       |       |    18 ||    18
Dodge: Dodged            |     2 |    19 |    37 |    73 ||   131
Block: Other             |       |     2 |    16 |    22 ||    40
       Reflection        |       |       |     4 |     4 ||     8

Table legend: (Time is in decaauts)
 A = Elapsed time spent in this place.
 B = Non-inter-level travel time spent in this place.
 C = Inter-level travel time spent in this place.
 D = Time resting spent in this place.
 E = Time spent auto-exploring this place.
 F = Levels seen in this place.
 G = Mean time per level.
                   A        B        C        D        E       F      G
               +--------+--------+--------+--------+--------+-----+--------+
         Total |  14105 |  13800 |    305 |   5174 |   6607 |  14 | 1007.5 |
       Dungeon |  11499 |  11234 |    265 |   3763 |   5819 |  10 | 1149.9 |
        Temple |    154 |    114 |     40 |      0 |     97 |   1 |  154.0 |
          Lair |   1999 |   1999 |      0 |   1165 |    636 |   2 |  999.5 |
       Ossuary |    451 |    451 |      0 |    246 |     55 |   1 |  451.0 |
               +--------+--------+--------+--------+--------+-----+--------+

Top non-repeatable levels by time:
     D:3: 2033 daAuts
  Lair:1: 1967 daAuts
     D:7: 1606 daAuts
     D:6: 1482 daAuts
     D:5: 1244 daAuts
     D:1: 1141 daAuts
     D:4: 1109 daAuts
     D:2: 1089 daAuts
     D:8: 955 daAuts
    D:10: 800 daAuts
 Ossuary: 451 daAuts
  Temple: 154 daAuts
     D:9: 35 daAuts
  Lair:2: 31 daAuts
